 Dungeon Crawl Stone Soup version 0.31.0-12-g77e489cdc1 (webtiles) character file.

Game seed: 7634158171878027679

23 spaghetti the Trooper (level 3, 42/42 HPs)
             Began as an Oni Chaos Knight on Mar 7, 2024.
             Was a Plaything of Xom.
             Quit the game on level 1 of the Dungeon.
             The game lasted 00:00:47 (226 turns).

spaghetti the Trooper (Oni Chaos Knight)             Turns: 226, Time: 00:00:48

Health: 42/42      AC:  5    Str: 16    XL:     3   Next: 0%
Magic:  3/3        EV: 10    Int: 13    God:    Xom [..*...]
Gold:   29         SH:  0    Dex: 10    Spells: 2/2 levels left

rFire   . . .        d - +0 hand cannon
rCold   . . .        (no shield)
rNeg    . . .        a - +2 robe
rPois   .            (helmet restricted)
rElec   .            (no cloak)
rCorr   .            (gloves unavailable)
SInv    .            (boots unavailable)
Will    .....        (no amulet)
Stlth   +            (no ring)
HPRegen 0.27/turn    (no ring)
MPRegen 0.08/turn

%: no passive effects
@: no status effects
A: large, unfitting armour, horns 1, tough skin 1, double potion healing,
drunken brawling
a: Renounce Religion


You were on level 1 of the Dungeon.
You worshipped Xom.
You were a toy of Xom.
You visited 1 branch of the dungeon, and saw 1 of its levels.

You collected 29 gold pieces.

Inventory:

Hand Weapons
 d - a +0 hand cannon (weapon)
Armour
 a - a +2 robe (worn)
Scrolls
 b - a scroll of butterflies
 c - a scroll of identify {unknown}
 e - a scroll of teleportation {unknown}


   Skills:
 + Level 5.4 Fighting
 - Level 2.1 Dodging
 - Level 2.6 Unarmed Combat


You had 2 spell levels left.
You didn't know any spells.
Your spell library was empty.

Dungeon Overview and Level Annotations

Branches:
Dungeon (1/15)

Altars:

Shops:
D:1 !


Innate Abilities, Weirdness & Mutations

You are too large for most types of armour.
You have a pair of small horns on your head.
You have tough skin. (AC +1)
You gain doubled healing and magic from potions.
Whenever you drink a healing potion, you attack all around you.


Message History

No target in view!
You see here a quokka corpse.
You now have 16 gold pieces (gained 6).
Found Ufuij's Distillery.
You now have 29 gold pieces (gained 13).
A frilled lizard and a kobold come into view.
The frilled lizard hisses angrily.
The kobold shouts!
You hear a shout!
The kobold throws a stone.
The stone barely misses you.
There is an entrance to Ufuij's Distillery here.
There are monsters nearby!
You shoot a bolt. The bolt hits the frilled lizard!
You kill the frilled lizard!
The kobold throws a stone.
The stone hits you but does no damage.
You shoot a bolt.
The bolt hits the kobold but does no damage.
You hear a shout!
A hobgoblin comes into view.
You shoot a bolt. The bolt hits the hobgoblin.
The hobgoblin is almost dead.
You shoot a bolt. The bolt hits the hobgoblin.
You kill the hobgoblin!
The kobold throws a stone.
The stone hits you but does no damage.
The kobold throws a stone.
The stone hits you but does no damage.
You shoot a bolt. The bolt closely misses the kobold.
You shoot a bolt. The bolt closely misses the kobold.
The kobold hits you but does no damage. The kobold barely misses you.
You shoot a bolt. The bolt completely misses the kobold.
The kobold hits you but does no damage. The kobold misses you.
You shoot a bolt. The bolt closely misses the kobold.
The kobold closely misses you. The kobold barely misses you.
You shoot a bolt. The bolt hits the kobold.
The kobold is severely wounded.
The kobold hits you but does no damage. The kobold misses you.
You shoot a bolt. The bolt hits the kobold.
You kill the kobold!
You have reached level 3!
Your experience leads to an increase in your attributes!
Increase (S)trength, (I)ntelligence, or (D)exterity?
You feel agile. x2; You feel stronger.
Are you sure you want to abandon this character and quit the game? (Confirm with "yes".)

#.....# #.....# #.....#
.. #.....### ##..
#.......# #... #
#.....#.#####... #..
#.....#.........
.....####.....#...###...
......)@°...............
........####.......†..##
.......## #..........#.
.....## #.†..........
..... #######...... ....
###..#. ... #.... ...
#.... ######....


There were no monsters in sight!

Vanquished Creatures
  A dart slug (D:1)
  2 bats (D:1)
  6 hobgoblins (D:1)
  A kobold (D:1)
  3 quokkas (D:1)
  3 ball pythons (D:1)
  A frilled lizard (D:1)
  A goblin (D:1)
18 creatures vanquished.

Notes
Turn   | Place    | Note
-------+----------+-------------------------------------------
     0 | D:1      | spaghetti the Oni Chaos Knight began the quest for the Orb.
     0 | D:1      | Reached XP level 1. HP: 24/24 MP: 1/1
    71 | D:1      | Reached XP level 2. HP: 28/33 MP: 2/2
   146 | D:1      | Reached skill level 5 in Fighting
   149 | D:1      | XOM: silly message
   184 | D:1      | XOM: silly message
   207 | D:1      | Found Ufuij's Distillery.
   226 | D:1      | Reached XP level 3. HP: 42/42 MP: 3/3
   226 | D:1      | Quit the game

Illustrated notes

Levels and vault maps discovered:
D:1:      erik_arrival_blinker_ship, layout_rooms, serial_shops, shop

Skill      XL: |  1  2 |
---------------+-------+-----
Fighting       | 5 |  5.4
Dodging        | |  2.1
Unarmed Combat | |  2.6

Action                     || total
---------------------------++-------
  Melee: Unarmed           ||    35
         Headbutt          ||    10
   Fire: Hand cannon       ||    17
 Armour: Robe              ||    45
  Dodge: Dodged            ||    24
